 Dungeon Crawl Stone Soup version 0.31-a0-819-gf6de2f5ab6 (webtiles) character file.

Game seed: 6263785092139498887

445 Kurtz the Chopper (level 7, -1/46 HPs)
             Began as an Octopode Fighter on Sept 25, 2023.
             Slain by a hound (5 damage)
             ... on level 4 of the Dungeon.
             The game lasted 00:02:02 (3443 turns).

Kurtz the Chopper (Octopode Fighter)                Turns: 3443, Time: 00:02:03

Health: -1/46      AC:  1    Str: 15    XL:     7   Next: 3%
Magic:  7/7        EV: 13    Int: 11    God:
Gold:   245        SH:  4    Dex: 13    Spells: 6/6 levels left

rFire   . . .        r - +0 whip (drain)
rCold   . . .        b - +0 buckler
rNeg    . . .        (helmet restricted)
rPois   .            (no amulet)
rElec   .            (no ring)
rCorr   .            (no ring)
SInv    .            (no ring)
Will    .....        (no ring)
Stlth   ++           (no ring)
HPRegen 0.27/turn    (no ring)
MPRegen 0.10/turn    (no ring)
                     (no ring)

%: no passive effects
@: no status effects
A: almost no armour, amphibious, 8 rings, camouflage 1, gelatinous body 1,
(nimble swimmer 1), tentacles
a: no special abilities


You were on level 4 of the Dungeon.
You visited 1 branch of the dungeon, and saw 5 of its levels.

You collected 245 gold pieces.

Inventory:

Hand Weapons
 a - a +0 war axe
 r - a +0 whip of draining (weapon)
Missiles
 j - 2 curare-tipped darts
 s - 5 poisoned darts
Armour
 b - a +0 buckler (worn)
Scrolls
 d - 6 scrolls of identify {unknown}
 f - 2 scrolls of teleportation {unknown}
 g - a scroll of poison {unknown}
 i - a scroll of fear {unknown}
 k - 2 scrolls of blinking {unknown}
 n - a scroll of fog {unknown}
 o - a scroll of vulnerability {unknown}
 p - a scroll of revelation {unknown}
 q - a scroll of silence {unknown}
 t - a scroll of amnesia {unknown}
Potions
 c - 3 potions of might
 e - a potion of ambrosia {unknown}
 h - 4 potions of enlightenment {unknown}
 l - 2 potions of heal wounds {unknown}
 m - 2 potions of attraction {unknown}


   Skills:
 - Level 3.0 Fighting
 * Level 7.3 Axes
 - Level 3.0 Dodging
 - Level 3.0 Shields


You had 6 spell levels left.
You didn't know any spells.
Your spell library contained the following spells:

 Spells                   Type           Power      Damage    Failure   Level
 Magic Dart               Conj           0%         1d3       43%         1
 Blink                    Tloc           0%         N/A       56%         2
 Call Imp                 Summ           0%         N/A       56%         2
 Lesser Beckoning         Tloc           0%         N/A       56%         2
 Momentum Strike          Conj/Tloc      0%         3d8       56%         2
 Mephitic Cloud           Conj/Pois/Air  0%         N/A       80%         3


Dungeon Overview and Level Annotations

Branches:
Dungeon (5/15)
 Temple: D:4-7

Altars:
Elyvilon
Uskayaw


Innate Abilities, Weirdness & Mutations

You cannot wear most types of armour.
You are amphibious.
You can wear up to eight rings at the same time.
Your skin changes colour to match your surroundings (Stealth+).
Your rubbery body absorbs attacks. (AC +1, EV +1)
((You are camouflaged when in or above water. (Stealth+)))
You have tentacles for arms and can constrict up to eight enemies at once.


Message History

There is a stone staircase leading down here.
You barely miss the gnoll. You grab the gnoll. You squeeze the gnoll!
The gnoll is almost dead.
You constrict the gnoll, but do no damage.
Unknown command.
You hit the gnoll but do no damage.
The gnoll is almost dead.
You constrict the gnoll.
You kill the gnoll!
Your life force feels restored.
No target in view!
Unknown command.
No target in view!
You climb downwards.
The hound barely misses you. You block the hound's attack.
The iguana bites you!
There is a stone staircase leading up, spattered with blood here.
You block the hound's attack. The iguana bites you.
The gnoll closely misses you. The hound barely misses you.
You climb upwards.
There is a stone staircase leading down here.
Unknown command.
You barely miss the hound. You grab the hound. You constrict the hound.
The hound bites you. The iguana bites you.
You hit the iguana. Your grab misses the iguana.
The iguana is lightly wounded.
You constrict the hound. The hound bites you.
* * * LOW HITPOINT WARNING * * *
The iguana bites you.
* * * LOW HITPOINT WARNING * * *
The hound closely misses you.
You hit the iguana. You drain the iguana. You grab the iguana.
You squeeze the iguana.
You kill the iguana!
You constrict the hound. The hound bites you.
* * * LOW HITPOINT WARNING * * *
You have reached level 7!
You hit the hound but do no damage.
The hound is heavily wounded.
You constrict the hound. The hound bites you.
You die...

# #.......###.#
#...<.......... #
#.....#.....#
#.............. ##
#.....#..####
#.######...#### .##
#######..# #.# #...#
#.## #..# #.# #...#
##.########..# #.#
#...# #.###...)....#
#.# #...####
.####.#####..######.#
#.......
........###....)@h..#
########
#..#.....##..########
##### .....)#......#
#.... #..##.#.###.##
#############.###
#..##....<..#
#.............# #
........#####
#.############# #
######### #.# #######
#.# #...... #.#
####.#####


You could see a hound.

Vanquished Creatures
  A phantom (D:4)
  A bullfrog (D:4)
  A scorpion (D:4)
  A hound (D:4)
  2 iguanas (D:4)
  8 adders
  A gnoll (D:4)
  A white imp (D:4)
  A worm (D:4)
  7 orcs (D:3)
  7 ball pythons
  3 endoplasms
  6 giant cockroaches
  12 goblins
  2 hobgoblins (D:3)
  5 jackals (D:2)
  5 quokkas
  4 bats
  A frilled lizard (D:1)
  7 kobolds
  2 rats (D:1)
78 creatures vanquished.

Notes
Turn   | Place    | Note
-------+----------+-------------------------------------------
     0 | D:1      | Kurtz the Octopode Fighter began the quest for the Orb.
     0 | D:1      | Reached XP level 1. HP: 16/16 MP: 1/1
   106 | D:1      | Reached XP level 2. HP: 21/21 MP: 2/2
   233 | D:1      | Reached skill level 3 in Axes
   499 | D:2      | Reached XP level 3. HP: 26/26 MP: 3/3
   759 | D:2      | Reached skill level 4 in Axes
   763 | D:2      | Reached XP level 4. HP: 24/31 MP: 4/4
  2139 | D:4      | Reached skill level 5 in Axes
  2139 | D:4      | Reached XP level 5. HP: 36/36 MP: 5/5
  2250 | D:4      | Noticed a phantom
  2259 | D:4      | Killed a phantom
  2388 | D:4      | Found a hide-covered altar of Uskayaw.
  2397 | D:4      | Reached skill level 6 in Axes
  2397 | D:4      | Reached XP level 6. HP: 30/42 MP: 6/6
  2678 | D:4      | Reached skill level 7 in Axes
  2928 | D:4      | Found a white marble altar of Elyvilon.
  3425 | D:5      | Entered Level 5 of the Dungeon
  3443 | D:4      | Reached XP level 7. HP: 4/46 MP: 7/7
  3443 | D:4      | Slain by a hound

Illustrated notes

Levels and vault maps discovered:
D:1:      minmay_arrival_radiant_lines, layout_rooms
D:2:      layout_loops_ring
D:3:      layout_basic, minmay_liquid_box
D:4:      layout_loops_cross, marbit_many_paths,
          mainiacjoe_overflow_concentric_impassable
D:5:      layout_basic, mainiacjoe_overflow_six_doors_small,
          minmay_temple_entry_tees, grunt_ministairs_7

Skill      XL: |  1  2  3  4  5  6 |
---------------+-------------------+-----
Axes           | 3 4 5 6 7 |  7.3
Fighting       | |  3.0
Dodging        | |  3.0
Shields        | |  3.0

Action                     |  1- 3 |  4- 6 |  7- 9 || total
---------------------------+-------+-------+-------++-------
  Melee: War axe           |    60 |    87 |       ||   147
         Tentacles         |     8 |    15 |       ||    23
         Constrict         |    13 |    14 |       ||    27
         Whip              |       |     6 |     1 ||     7
   Stab: Sleeping          |     8 |    10 |       ||    18
 Armour: Skin              |    21 |    56 |     1 ||    78
  Dodge: Dodged            |    43 |    63 |       ||   106
  Block: Buckler           |     9 |    17 |       ||    26

Table legend: (Time is in decaauts)
 A = Elapsed time spent in this place.
 B = Non-inter-level travel time spent in this place.
 C = Inter-level travel time spent in this place.
 D = Time resting spent in this place.
 E = Time spent auto-exploring this place.
 F = Levels seen in this place.
 G = Mean time per level.
                   A        B        C        D        E       F      G
               +--------+--------+--------+--------+--------+-----+--------+
         Total |   3489 |   3377 |    112 |    674 |   2165 |   5 |  697.8 |
       Dungeon |   3489 |   3377 |    112 |    674 |   2165 |   5 |  697.8 |
               +--------+--------+--------+--------+--------+-----+--------+

Top non-repeatable levels by time:
     D:4: 1307 daAuts
     D:3: 851 daAuts
     D:2: 823 daAuts
     D:1: 496 daAuts
     D:5: 10 daAuts
